 Dungeon Crawl Stone Soup version 0.32-a0-305-gcc768c7156 (webtiles) character file.

Game seed: 14165124929975428532

2510 senseless the Basher (level 9, -2/82 HPs)
             Began as a Mountain Dwarf Monk on Feb 14, 2024.
             Was a Priest of Beogh.
             Slain by a vault guard
             ... wielding a +0 broad axe
              (5 damage)
             ... in a bailey.
             The game lasted 00:16:42 (7525 turns).

senseless the Basher (Mountain Dwarf Monk)          Turns: 7525, Time: 00:16:43

Health: -2/82      AC: 14    Str: 18    XL:     9   Next: 28%
Magic:  3/9        EV:  8    Int: 11    God:    Beogh [***...]
Gold:   352        SH:  0    Dex: 12    Spells: 8/8 levels left

rFire   . . .        k - +7 Throatcutter {drain, coup de grace}
rCold   . . .        d - orb {light}
rNeg    . . .        C - +2 chain mail
rPois   +            (no helmet)
rElec   .            p - +0 cloak
rCorr   +            (no gloves)
SInv    .            (no boots)
Will    .....        (no amulet) Stlth
                     D - ring of poison resistance
HPRegen 0.33/turn    r - ring of resist corrosion
MPRegen 0.11/turn

%: no passive effects
@: brilliant, glowing
A: runic magic, artefact enchanting
a: Renounce Religion, Smiting


You were in a bailey.
You worshipped Beogh.
Beogh was most pleased with you.
You visited 1 branch of the dungeon, and saw 7 of its levels.
You also visited: Bailey.

You collected 352 gold pieces.

Inventory:

Hand Weapons
 a - a +0 mace
 i - the +1 quarterstaff "Oghim" {freeze, *Rage Str+6 SInv}
   (You found it on level 6 of the Dungeon)

   Str+6:     It affects your strength (+6).
   SInv:      It lets you see invisible.
   *Rage:     It berserks you when you make melee attacks (+20% chance).
 j - a +1 great sword of pain
 k - the +7 Throatcutter (weapon) {drain, coup de grace}
   (You found it on level 6 of the Dungeon)
 q - a +4 whip
 x - a +0 flail
 E - a +4 hand axe
Missiles
 w - a throwing net (quivered)
 y - 4 poisoned darts
 z - 3 curare-tipped darts
Armour
 d - an orb of light (worn)
 p - a +0 cloak (worn)
 C - a +2 chain mail (worn)
Magical Staves
 l - a staff of fire
Jewellery
 n - a +6 ring of intelligence
 r - a ring of resist corrosion (right hand)
 D - a ring of poison resistance (left hand)
Wands
 b - a wand of digging (4)
 o - a wand of mindburst (10)
 t - a wand of flame (11)
Scrolls
 h - a scroll of teleportation
 B - a scroll of fog
Potions
 c - a potion of ambrosia
 e - 2 potions of resistance
 f - 3 potions of curing
 m - a potion of lignification
 u - a potion of cancellation
 v - a potion of attraction
 A - 2 potions of haste


   Skills:
 * Level 8.7 Fighting
 * Level 9.4 Maces & Flails
 * Level 7.8 Armour
 - Level 2.1 Dodging


You had 8 spell levels left.
You didn't know any spells.
Your spell library contained the following spells:

 Spells                   Type           Power      Damage    Failure   Level
 Shock                    Conj/Air       0%         1d3       50%         1
 Sting                    Conj/Alch      0%         1d3       50%         1
 Hailstorm                Conj/Ice       0%         3d5       86%         3
 Stone Arrow              Conj/Erth      0%         3d7       86%         3
 Summon Ice Beast         Ice/Summ       0%         N/A       86%         3
 Passage of Golubria      Tloc           0%         N/A       99%         4
 Sculpt Simulacrum        Ice/Alch       0%         N/A       100%        6


Dungeon Overview and Level Annotations

Branches:
Dungeon (7/15)             Temple (0/1) D:4          Bailey (1/1)

Altars:
Hepliaklqana
Kikubaaqudgha
Makhleb
Nemelex Xobeh
Qazlal
Sif Muna
Yredelemnul

Shops:
D:3 (   D:6 *

Annotations:
Bailey Prince Ribbit


Innate Abilities, Weirdness & Mutations

Your facial features look somewhat orcish.
Your spellcasting is much less encumbered by armour.
You can use scrolls of enchantment on lesser artefacts.


Message History

The vault guard is heavily wounded.
The vault guard hits you but does no damage.
Prince Ribbit hits you but does no damage.
The vault guard closely misses you.
You hit the vault guard. You drain the vault guard.
The vault guard is severely wounded.
Prince Ribbit hits you but does no damage.
The vault guard hits you with a +0 broad axe.
Prince Ribbit misses you.
You closely miss the vault guard.
The vault guard is heavily wounded.
Prince Ribbit hits you.
The vault guard hits you with a +0 broad axe.
* * * LOW HITPOINT WARNING * * *
Prince Ribbit hits you!
* * * LOW HITPOINT WARNING * * *
The vault guard barely misses you.
Okay, then.
Aiming: Smiting
Press: ? - help, Dir - move target, f - vault guard Smite: a vault guard, wielding a +0 broad axe and wearing a +0 chain mail (heavily wounded, lightly drained, haloed)
You smite the vault guard!
The vault guard is severely wounded.
Prince Ribbit hits you but does no damage.
The vault guard barely misses you.
Aiming: Smiting
Press: ? - help, Dir - move target, f/p - vault guard Smite: a vault guard, wielding a +0 broad axe and wearing a +0 chain mail (severely wounded, lightly drained, haloed)
You smite the vault guard!
The vault guard is almost dead.
Prince Ribbit hits you.
* * * LOW HITPOINT WARNING * * *
The vault guard hits you with a +0 broad axe!
* * * LOW HITPOINT WARNING * * *
Prince Ribbit hits you but does no damage.
It was a potion of brilliance.
You feel clever all of a sudden.
Prince Ribbit hits you but does no damage.
The vault guard hits you with a +0 broad axe.
You die...

###.+ ##~.≈# ##~~.≈#
#~~~.≈## #~..~≈###
######### .
#...~≈≈####≈≈#....##
..#.~..~~≈≈≈≈~~#.F...##
..'......~~~~..p@.#...#
..#...~........#..#...#
.##...~~~.~~≈≈≈#..##..#
#~......~~≈#######...#
#≈~~~~~~~~~≈##.......#####
##≈~~~~~~~~~≈#.....)##...##
##≈≈~~~~~≈≈##)#...))..∩..#
###≈≈≈≈≈###..######÷....#
#######....##~~~'..∩..#


You could see a vault guard (drained) and Prince Ribbit (drained).

Vanquished Creatures
  6 humans (Bailey)
  A steam dragon (D:6)
  A water moccasin (D:6)
  2 ice beasts (D:6)
  2 scorpions
  8 bullfrogs (Bailey)
  A howler monkey (D:7)
  3 bombardier beetles
  A jelly (D:5)
  An orc priest (D:7)
  4 hounds
  An iguana (D:6)
  8 gnolls
  6 adders
  3 white imps
  2 ribbon worms
  2 dart slugs
  8 orcs
  4 ball pythons
  5 bats
  9 endoplasms
  2 giant cockroaches
  7 goblins
  8 hobgoblins
  7 jackals
  4 quokkas
  2 frilled lizards
  10 kobolds
  A rat (D:1)
119 creatures vanquished.

Vanquished Creatures (others)
  An orc (D:6)
1 creature vanquished.

Grand Total: 120 creatures vanquished

Notes
Turn   | Place    | Note
-------+----------+-------------------------------------------
     0 | D:1      | senseless the Mountain Dwarf Monk began the quest for the
                  | Orb.
     0 | D:1      | Reached XP level 1. HP: 19/19 MP: 1/1
    80 | D:1      | Reached XP level 2. HP: 22/26 MP: 2/2
   144 | D:1      | Reached skill level 1 in Armour
   248 | D:1      | Reached skill level 4 in Maces & Flails
   502 | D:1      | Reached XP level 3. HP: 32/33 MP: 3/3
  1294 | D:2      | Reached XP level 4. HP: 40/40 MP: 4/4
  2022 | D:3      | Found a shimmering blue altar of Sif Muna.
  2025 | D:3      | Found a stormy altar of Qazlal.
  2280 | D:3      | Reached skill level 5 in Maces & Flails
  2280 | D:3      | Reached XP level 5. HP: 40/47 MP: 5/5
  2377 | D:3      | Became a worshipper of Beogh the Shepherd
  2377 | D:3      | Reached * piety under Beogh
  2377 | D:3      | Reached ** piety under Beogh
  2461 | D:3      | Found Umeschush's Antique Weapon Shop.
  2599 | D:3      | Found an ancient bone altar of Kikubaaqudgha.
  2735 | D:4      | Reached skill level 5 in Fighting
  3055 | D:4      | Found a sparkling altar of Nemelex Xobeh.
  3062 | D:4      | Reached XP level 6. HP: 56/56 MP: 6/6
  3063 | D:4      | Found a hazy altar of Hepliaklqana.
  3278 | D:4      | Got the Guide on Striking and Peregrination
  3301 | D:4      | Found a staircase to the Ecumenical Temple.
  4055 | D:4      | Reached skill level 6 in Maces & Flails
  4236 | D:5      | Entered Level 5 of the Dungeon
  4664 | D:5      | Found a basalt altar of Yredelemnul.
  4888 | D:6      | Noticed a water moccasin
  5010 | D:6      | Noticed an ice beast
  5017 | D:6      | Killed an ice beast
  5018 | D:6      | Reached XP level 7. HP: 62/62 MP: 7/7
  5464 | D:6      | Reached skill level 5 in Armour
  5467 | D:6      | Identified the +1 quarterstaff "Oghim" {freeze, *Rage Str+6
                  | SInv}
  5505 | D:6      | Found a burning altar of Makhleb.
  5679 | D:6      | Found the +7 Throatcutter {drain, coup de grace}
  5862 | D:6      | Found Ginoyz's Assorted Antiques.
  5917 | D:6      | Reached skill level 7 in Maces & Flails
  6172 | D:6      | Noticed a steam dragon
  6187 | D:6      | Killed a steam dragon
  6188 | D:6      | Reached XP level 8. HP: 48/71 MP: 8/8
  6840 | D:7      | Found a flagged portal.
  6857 | Bailey   | Entered a bailey
  6905 | Bailey   | Reached skill level 8 in Maces & Flails
  7176 | Bailey   | Reached *** piety under Beogh
  7197 | Bailey   | Reached XP level 9. HP: 24/81 MP: 9/9
  7199 | Bailey   | Reached skill level 9 in Maces & Flails
  7494 | Bailey   | Noticed a vault guard
  7494 | Bailey   | Noticed Prince Ribbit
  7524 | Bailey   | HP: 3/82 [vault guard/+0 broad axe (10)]
  7525 | Bailey   | Slain by a vault guard

Illustrated notes

Levels and vault maps discovered:
D:1:      saegor_arrival_simple_a, layout_loops_corners
D:2:      layout_basic
D:3:      layout_basic, lemuel_crystal_altar,
          chequers_temple_overflow_statue_of_worship, serial_shops,
          nicolae_shop_overgrown_old_shop
D:4:      layout_cave_pods, nicolae_overflow_squiral,
          minmay_temple_entry_enclosed_plants
D:5:      layout_rooms, mainiacjoe_overflow_alcove_1
D:6:      layout_loops_ring, bloody_makhleb, serial_co_window_serial,
          co_window_of_opportunity_a, co_window_corner_a, co_window_paths_b,
          co_window_corner_a, co_window_corner_a, co_window_paths_b,
          co_window_paths_b, co_window_corner_a, co_window_corner_a,
          co_window_unsneaky_path_a, co_window_of_opportunity_b,
          co_window_2corner, co_window_broadway_c, co_window_unsneaky_path_d,
          co_window_corner_cb, glass_columns_b, serial_shops,
          nicolae_stop_n_shop_2, serial_park_tiny_1
D:7:      layout_rooms, enter_bailey_2
Bailey:   bailey_axe_froggy_fort_hellmonk, bailey

Skill      XL: |  1  2  3  4  5  6  7  8  9 |
---------------+----------------------------+-----
Armour         | 1 2 3 4 5 7 |  7.8
Maces & Flails | 4 5 6 7 8 9 |  9.4
Fighting       | 4 5 6 8 |  8.7
Dodging        | |  2.1

Action                     |  1- 3 |  4- 6 |  7- 9 || total
---------------------------+-------+-------+-------++-------
  Melee: Mace              |    95 |   179 |       ||   274
         Flail             |       |    20 |    45 ||    65
         Whip              |       |       |   182 ||   182
         Long sword        |       |       |    38 ||    38
  Throw: Throwing net      |       |     1 |       ||     1
 Invoke: Convert to Beogh  |       |     1 |       ||     1
         Smiting           |       |       |     2 ||     2
    Use: Scroll            |       |     7 |    10 ||    17
         Potion            |       |       |     2 ||     2
 Armour: Robe              |    53 |    18 |       ||    71
         Leather armour    |       |    20 |       ||    20
         Ring mail         |       |    83 |       ||    83
         Chain mail        |       |       |   276 ||   276
  Dodge: Dodged            |    72 |   150 |   116 ||   338

Table legend: (Time is in decaauts)
 A = Elapsed time spent in this place.
 B = Non-inter-level travel time spent in this place.
 C = Inter-level travel time spent in this place.
 D = Time resting spent in this place.
 E = Time spent auto-exploring this place.
 F = Levels seen in this place.
 G = Mean time per level.
                   A        B        C        D        E       F      G
               +--------+--------+--------+--------+--------+-----+--------+
         Total |   7537 |   7032 |    505 |    420 |   5512 |   8 |  942.1 |
       Dungeon |   6883 |   6378 |    505 |    227 |   5216 |   7 |  983.3 |
        Bailey |    653 |    653 |      0 |    193 |    296 |   1 |  653.0 |
               +--------+--------+--------+--------+--------+-----+--------+

Top non-repeatable levels by time:
     D:6: 1695 daAuts
     D:4: 1395 daAuts
     D:3: 1085 daAuts
     D:1: 983 daAuts
     D:2: 928 daAuts
     D:5: 654 daAuts
  Bailey: 653 daAuts
     D:7: 140 daAuts
